 Dungeon Crawl Stone Soup version 0.31-a0-358-gac0dbeb3ab (webtiles) character file.

Game seed: 4803073100601268854

1795 bjtr the Geomancer (level 9, -8/48 HPs)
             Began as a Gargoyle Earth Elementalist on July 26, 2023.
             Was an Initiate of Vehumet.
             Mangled by a two-headed ogre
             ... wielding a +0 giant spiked club
              (20 damage)
             ... on level 6 of the Dungeon.
             The game lasted 00:26:20 (6161 turns).

bjtr the Geomancer (Gargoyle Earth Elementalist)    Turns: 6161, Time: 00:26:22

Health: -8/48      AC: 12    Str: 12    XL:     9   Next: 9%
Magic:  18/19      EV: 11    Int: 20    God:    Vehumet [......]
Gold:   26         SH:  0    Dex: 10    Spells: 11/21 levels left

rFire   . . .        k - +0 war axe
rCold   . . .        (no shield)
rNeg    + + .        z - +3 leather armour "Ruysaiquci" {rN+}
rPois   ∞            s - +0 hat
rElec   +            (no cloak)
rCorr   .            (no gloves)
SInv    .            (no boots)
Will    .....        (no amulet)
Stlth   ++           (no ring)
HPRegen 0.28/turn    (no ring)
MPRegen 0.16/turn

%: no passive effects
@: no status effects
A: sickness immunity, AC +6, negative energy resistance 1, electricity
resistance, torment resistance 1, petrification resistance
a: Renounce Religion


You were on level 6 of the Dungeon.
You worshipped Vehumet.
Vehumet was noncommittal.
You visited 2 branches of the dungeon, and saw 7 of its levels.
You also visited: Ossuary.

You collected 166 gold pieces.
You spent 140 gold pieces at shops.

Inventory:

Hand Weapons
 k - a +0 war axe (weapon)
 l - a +0 quarterstaff
 n - a +0 spear
 o - a +0 great sword
 q - a +0 flail
 u - a +0 sling
 C - a +4 whip
Missiles
 c - 14 poisoned darts
 g - 5 javelins
 p - 6 curare-tipped darts
Armour
 s - a +0 hat (worn)
 z - the +3 leather armour "Ruysaiquci" (worn) {rN+}
   (You bought it in a shop on level 3 of the Dungeon)

   rN:        It protects you from negative energy.
Magical Staves
 A - a staff of death
Jewellery
 i - an amulet of guardian spirit
Scrolls
 f - 2 scrolls of immolation
 y - 2 scrolls of revelation
 B - a scroll of teleportation
Potions
 b - 2 potions of magic
 e - 5 potions of curing
 h - 2 potions of brilliance {unknown}
 m - 2 potions of might
 r - a potion of enlightenment
 t - a potion of berserk rage
 v - a potion of mutation {unknown}
 w - a potion of lignification {unknown}
 x - a potion of ambrosia {unknown}


   Skills:
 + Level 2.0 Fighting
 + Level 0.1 Armour
 + Level 2.4 Dodging
 + Level 3.1 Stealth
 * Level 6.8 Spellcasting
 * Level 2.4 Conjurations
 - Level 0.7 Transmutations
 * Level 9.9 Earth Magic


You had 11 spell levels left.
You knew the following spells:

 Your Spells              Type           Power      Damage    Failure   Level
a - Sandblast             Erth           92%        2d19      1%          1
b - Passwall              Tmut/Erth      23%        N/A       1%          2
c - Stone Arrow           Conj/Erth      62%        3d10      3%          3
d - Petrify               Tmut/Erth      28%        N/A       14%         4

Your spell library contained the following spells:

 Spells                   Type           Power      Damage    Failure   Level
 Apportation              Tloc           12%        N/A       12%         1
 Necrotise                Necr           24%        1d5       12%         1
 Summon Small Mammal      Summ           24%        N/A       12%         1
 Ensorcelled Hibernation  Hex/Ice        12%        N/A       19%         2
 Dazzling Flash           Conj/Hex       22%        N/A       22%         3
 Ozocubu's Armour         Ice            6%         N/A       36%         3
 Volatile Blastmotes      Fire/Tloc      12%        2d11      36%         3
 Anguish                  Hex/Necr       3%         N/A       77%         4
 Metabolic Englaciation   Hex/Ice        3%         N/A       98%         5
 Simulacrum               Ice/Necr       3%         N/A       100%        6
 Starburst                Conj/Fire      5%         6d4       100%        6
 Maxwell's Capacitive Co  Air            3%         ∞         100%        8


Dungeon Overview and Level Annotations

Branches:
Dungeon (6/15)             Temple (1/1) D:5         Ossuary (visited)

Altars:
Ashenzari
Cheibriados
Dithmenos
Elyvilon
Fedhas
Gozag
Hepliaklqana
Kikubaaqudgha
Makhleb
Nemelex Xobeh
Qazlal
Ru
Sif Muna
Trog
Uskayaw
Vehumet
Wu Jian
Xom
Yredelemnul
Zin
The Shining One

Shops:
D:1 !   D:3 [


Innate Abilities, Weirdness & Mutations

You are immune to sickness and miasma.
Your stone body is resilient. (AC +6)
You are immune to poison.
You resist negative energy. (rN+)
You are resistant to electric shocks. (rElec)
You are resistant to unholy torment.
You are immune to petrification.


Message History

The orc warrior attacks as you move away!
The orc warrior hits you but does no damage.
Casting: Stone Arrow (dangerous; 3% risk of failure)
Confirm with . or Enter, or press ? or * to list all spells.
The spell is quite dangerous to miscast (14% risk of failure)!
Continue anyway?
Aiming: Petrify (quite dangerous; 14% risk of failure)
Press: ? - help, Shift-Dir - straight line, f - two-headed ogre, p - orc warrior
Aim: a two-headed ogre, wielding a +0 giant spiked club and a +0 giant club (chance to affect: 41%)
The orc warrior is moving more slowly.
The orc warrior hits you but does no damage.
Casting: Petrify (quite dangerous; 14% risk of failure)
Confirm with . or Enter, or press ? or * to list all spells.
The spell is quite dangerous to miscast (14% risk of failure)!
Continue anyway?
Aiming: Petrify (quite dangerous; 14% risk of failure)
Press: ? - help, Shift-Dir - straight line, f/p - two-headed ogre
Aim: a two-headed ogre, wielding a +0 giant spiked club and a +0 giant club (chance to affect: 41%)
The two-headed ogre resists with some effort.
The orc warrior completely misses you.
The two-headed ogre hits you with a +0 giant spiked club!!
Ouch! That really hurt!
The two-headed ogre hits you with a +0 giant club!
* * * LOW HITPOINT WARNING * * *
Unknown command.
Casting: Petrify (quite dangerous; 14% risk of failure)
Confirm with . or Enter, or press ? or * to list all spells.
You don't have enough magic to cast this spell.
The orc warrior stops moving altogether!
Press: ? - help, v - describe, . - travel
Here: a two-headed ogre, wielding a +0 giant spiked club and a +0 giant club The floor.
Magic courses through your body. The hound bites you but does no damage.
Casting: Petrify (quite dangerous; 14% risk of failure)
Confirm with . or Enter, or press ? or * to list all spells.
Aiming: Passwall (safe; 1% risk of failure)
Press: ? - help, Dir - move target, p - two-headed ogre A rock wall.
The hound bites you but does no damage.
You begin to meditate on the wall.
You continue meditating on the rock. x2
The two-headed ogre hits you with a +0 giant spiked club!!
You die...

#..................>........
+...........................
#...........................
#...##..........#######.....
#...########....# #..[..
#...##....##....# #...##
####...............# ##'###
....................+ #.....
...............@h...# #.....
........##'#####O...# #.....
...##...##....##....# #.....
#### #...##....##....#
#.....
#...##.........##....#
+.....
................#....#
#.....
.......†^.......#....####
######
....##'##########........
... #)..##....##.o..##..


You could see a two-headed ogre and a hound.

Vanquished Creatures
  Menkaure (Ossuary)
  An ice beast (D:5)
  A black bear (D:4)
  4 ogres
  2 phantoms (D:5)
  A bullfrog (D:6)
  2 scorpions
  5 howler monkeys
  3 jellies
  A hound (D:6)
  3 orc priests (D:6)
  2 gnoll boudas
  An iguana (D:5)
  3 mummies (Ossuary)
  8 adders
  10 gnolls
  A white imp (D:5)
  2 worms
  2 dart slugs
  15 orcs
  6 ball pythons
  7 endoplasms
  2 giant cockroaches
  4 gnoll zombies (Ossuary)
  7 goblins
  8 hobgoblins
  4 jackals (D:3)
  3 quokkas
  10 bats
  2 frilled lizards
  2 gnoll skeletons (Ossuary)
  4 goblin skeletons (Ossuary)
  4 goblin zombies (Ossuary)
  3 hobgoblin skeletons (Ossuary)
  5 hobgoblin zombies (Ossuary)
  7 kobolds
  2 kobold skeletons (Ossuary)
  4 kobold zombies (Ossuary)
  7 orc skeletons (Ossuary)
  3 orc zombies (Ossuary)
  7 rats
  7 rat skeletons (Ossuary)
  5 rat zombies (Ossuary)
181 creatures vanquished.

Notes
Turn   | Place    | Note
-------+----------+-------------------------------------------
     0 | D:1      | bjtr the Gargoyle Earth Elementalist began the quest for
                  | the Orb.
     0 | D:1      | Reached XP level 1. HP: 10/10 MP: 3/3
    22 | D:1      | Found a faded altar of an unknown god.
   178 | D:1      | Reached skill level 4 in Earth Magic
   233 | D:1      | Reached XP level 2. HP: 15/15 MP: 3/5
   534 | D:1      | Found Isatymiuw's Distillery.
   894 | D:2      | Reached XP level 3. HP: 19/19 MP: 3/6
  1544 | D:2      | Reached XP level 4. HP: 24/24 MP: 2/8
  1836 | D:3      | Reached skill level 5 in Earth Magic
  2283 | D:3      | Found Yjuukili's Antique Armour Shoppe.
  2710 | D:3      | Reached XP level 5. HP: 28/28 MP: 5/9
  2957 | D:4      | Learned a level 2 spell: Passwall
  2961 | D:4      | Learned a level 3 spell: Stone Arrow
  3137 | D:4      | Reached skill level 6 in Earth Magic
  3143 | D:4      | Reached XP level 6. HP: 8/32 MP: 1/11
  3236 | D:4      | Found a sand-covered staircase.
  3238 | D:4      | Noticed a black bear
  3242 | D:4      | Killed a black bear
  3246 | Ossuary  | Entered an ossuary
  3825 | Ossuary  | Reached skill level 1 in Fighting
  4034 | Ossuary  | Noticed Menkaure
  4042 | Ossuary  | Killed Menkaure
  4043 | Ossuary  | Reached skill level 7 in Earth Magic
  4043 | Ossuary  | Reached XP level 7. HP: 38/38 MP: 10/13
  4851 | D:5      | Entered Level 5 of the Dungeon
  5030 | D:5      | Found a staircase to the Ecumenical Temple.
  5040 | Temple   | Entered the Ecumenical Temple
  5047 | Temple   | Became a worshipper of Vehumet
  5059 | D:5      | Reached skill level 5 in Spellcasting
  5059 | D:5      | Reached skill level 8 in Earth Magic
  5063 | D:5      | Reached XP level 8. HP: 20/44 MP: 9/15
  5153 | D:5      | Learned a level 4 spell: Petrify
  5385 | D:5      | Reached skill level 1 in Conjurations
  5713 | D:3      | Bought a spiked leather armour for 140 gold pieces
  5713 | D:3      | Identified the +3 leather armour "Ruysaiquci" {rN+} (You
                  | bought it in a shop on level 3 of the Dungeon)
  5914 | D:6      | Found an opulent altar of Gozag.
  5914 | D:6      | Found a faded altar of an unknown god.
  5920 | D:6      | Found a burning altar of Makhleb.
  5922 | D:6      | Found a bloodstained altar of Trog.
  5924 | D:6      | Found a faded altar of an unknown god.
  6069 | D:6      | Reached skill level 9 in Earth Magic
  6100 | D:6      | Reached XP level 9. HP: 34/48 MP: 9/19
  6137 | D:6      | Noticed a two-headed ogre
  6161 | D:6      | Mangled by a two-headed ogre

Illustrated notes

Levels and vault maps discovered:
D:1:      minmay_arrival_shattered_statue, layout_loops_ring, serial_shops,
          nicolae_square_shop, dreamdust_ecumenical_altar_grove, serial_forest,
          infiniplex_forest_zigzag_2, infiniplex_forest_clump_long,
          infiniplex_forest_zigzag_1, infiniplex_forest_end_2,
          infiniplex_forest_clump_medium, infiniplex_forest_zigzag_2
D:2:      layout_basic, minmay_misc_feat_iff, st_stairs_8, minmay_pentomino_pile
D:3:      layout_loops_corners, serial_shops, shop, grunt_ministairs_6
D:4:      layout_loops_ring, nicolae_ossuary_entry_monument
D:5:      layout_loops_cross, minmay_temple_entry_mist
D:6:      lemuel_castle_with_subvaults [lemuel_castle_interior_original],
          layout_gridville, chequers_temple_overflow_minitemple
Temple:   nicolae_temple_no_exploring_needed

Skill      XL: |  1  2  3  4  5  6  7  8 |
---------------+-------------------------+-----
Earth Magic    | 4 5 6 7 8 9 |  9.9
Stealth        | 3 |  3.1
Spellcasting   | 3 4 5 6 |  6.8
Fighting       | 1 2 |  2.0
Dodging        | 2 |  2.4
Conjurations   | 2 |  2.4
Armour         | |  0.1
Transmutations | |  0.7

Action                     |  1- 3 |  4- 6 |  7- 9 || total
---------------------------+-------+-------+-------++-------
  Melee: Dagger            |    33 |       |       ||    33
         Unarmed           |     1 |       |       ||     1
         Short sword       |     2 |       |       ||     2
         War axe           |       |   100 |    23 ||   123
         Punch             |       |     2 |     1 ||     3
   Cast: Sandblast         |    54 |    88 |    81 ||   223
         Stone Arrow       |       |     3 |     1 ||     4
         Petrify           |       |       |     2 ||     2
         Passwall          |       |       |     1 ||     1
    Use: Scroll            |       |     5 |     6 ||    11
         Potion            |       |     1 |     1 ||     2
   Stab: Sleeping          |       |     1 |       ||     1
 Armour: Robe              |    35 |    45 |    10 ||    90
         Leather armour    |       |       |    15 ||    15
  Dodge: Dodged            |    46 |    89 |    34 ||   169

Table legend: (Time is in decaauts)
 A = Elapsed time spent in this place.
 B = Non-inter-level travel time spent in this place.
 C = Inter-level travel time spent in this place.
 D = Time resting spent in this place.
 E = Time spent auto-exploring this place.
 F = Levels seen in this place.
 G = Mean time per level.
                   A        B        C        D        E       F      G
               +--------+--------+--------+--------+--------+-----+--------+
         Total |   6335 |   6045 |    290 |    470 |   4015 |   8 |  791.9 |
       Dungeon |   5281 |   4991 |    290 |    108 |   3858 |   6 |  880.2 |
        Temple |     14 |     14 |      0 |      0 |      0 |   1 |   14.0 |
       Ossuary |   1039 |   1039 |      0 |    362 |    157 |   1 | 1039.0 |
               +--------+--------+--------+--------+--------+-----+--------+

Top non-repeatable levels by time:
     D:3: 1190 daAuts
 Ossuary: 1039 daAuts
     D:4: 1032 daAuts
     D:2: 1004 daAuts
     D:1: 853 daAuts
     D:5: 810 daAuts
     D:6: 391 daAuts
  Temple: 14 daAuts
